 Dungeon Crawl Stone Soup version 0.21.1-1-g345015f (webtiles) character file.

140898 kae the Bludgeoner (level 16, -4/147 HPs)
             Began as a Minotaur Fighter on June 14, 2018.
             Was the Champion of Okawaru.
             Slain by a deep troll (7 damage)
             ... on level 1 of the Depths.
             The game lasted 00:37:56 (31286 turns).

kae the Bludgeoner (Minotaur Fighter)              Turns: 31286, Time: 00:37:57

Health: -4/147     AC: 43    Str: 26    XL:     16   Next: 76%
Magic:  24/24      EV: 16    Int: 12    God:    Okawaru [******]
Gold:   2694       SH:  0    Dex: 21    Spells: 15/15 levels left

rFire    . . .     SeeInvis .   S - +4 dire flail of Propriety {crush, rPois rN+ Int+3 Dex+2}
rCold    . . .     Gourm    .   (shield currently unavailable)
rNeg     + . .     Faith    .   T - +6 crystal plate armour "Tiheza" {rCorr Str+3}
rPois    +         Spirit   .   H - +2 hat {MR+}
rElec    +         Reflect  .   k - +1 cloak
rCorr    +         Harm     .   D - +0 pair of gloves
MR       ++...                  O - +2 pair of boots {run}
Stlth    ..........             m - amulet of magic regeneration
HPRegen  0.34/turn              E - +3 ring of slaying
MPRegen  0.44/turn              e - ring of Zeleul {rElec rPois Int+2 Dex+6 Stlth+}

@: about to teleport, heroism, quick
A: retaliatory headbutt, horns 2
a: Heroism, Finesse, Renounce Religion


You were on level 1 of the Depths.
You worshipped Okawaru.
Okawaru was exalted by your worship.
You were very hungry.

You visited 4 branches of the dungeon, and saw 24 of its levels.
You visited 1 bazaar.
You also visited: Ossuary, Bailey and Ice Cave.

You collected 4184 gold pieces.
You spent 1490 gold pieces at shops.

Inventory:

Hand Weapons
 P - the +8 lance "Wyrmbane" {slay drac, rPois rF+ rC+ AC+3}
   (You found it on level 3 of the Lair of Beasts)

   It affects your AC (+3).
   It protects you from fire.
   It protects you from cold.
   It protects you from poison.
 S - the +4 dire flail of Propriety (weapon) {crush, rPois rN+ Int+3 Dex+2}
   (Okawaru gifted it to you on level 6 of the Lair of Beasts)

   It inflicts extra damage upon your enemies.
   It affects your intelligence (+3).
   It affects your dexterity (+2).
   It protects you from poison.
   It protects you from negative energy.
 Z - the +2 dire flail "Gifoen" {crush, rF+ Str+4}
   (Okawaru gifted it to you on level 11 of the Dungeon)

   It inflicts extra damage upon your enemies.
   It affects your strength (+4).
   It protects you from fire.
Armour
 k - a +1 cloak (worn)
 D - a +0 pair of gloves (worn)
 H - a +2 hat of magic resistance (worn)
 M - the +0 plate armour of Okawaru's Castigation {rPois rN+++ Int+4 Dex-3}
   (Okawaru gifted it to you on level 1 of the Orcish Mines)

   It affects your intelligence (+4).
   It affects your dexterity (-3).
   It protects you from poison.
   It renders you almost immune to negative energy.
 O - a +2 pair of boots of running (worn)
 T - the +6 crystal plate armour "Tiheza" (worn) {rCorr Str+3}
   (Okawaru gifted it to you on level 6 of the Lair of Beasts)

   It affects your strength (+3).
   It protects you from acid and corrosion.
Jewellery
 a - an uncursed amulet of the gourmand {unknown}
 e - the ring of Zeleul (right hand) {rElec rPois Int+2 Dex+6 Stlth+}
   (You bought it in a shop in a bazaar)

   [ring of dexterity]

   It affects your intelligence (+2).
   It affects your dexterity (+6).
   It insulates you from electricity.
   It protects you from poison.
   It makes you more stealthy.
 m - an amulet of magic regeneration (around neck)
 E - a +3 ring of slaying (left hand)
 Q - an uncursed ring of protection from magic
 V - an uncursed ring of protection from cold
 Y - an uncursed ring of positive energy
Wands
 b - a wand of scattershot (12)
 c - a wand of enslavement (10)
 q - a wand of iceblast (13)
 B - a wand of acid (3)
 J - a wand of flame (84)
 K - a wand of disintegration (32)
 L - a wand of random effects (42)
Scrolls
 g - 15 scrolls of remove curse
 h - 4 scrolls of identify
 n - 9 scrolls of blinking
 o - 6 scrolls of enchant weapon
 p - 7 scrolls of teleportation
 v - a scroll of brand weapon
 x - 4 scrolls of amnesia
 y - a scroll of holy word {unknown}
 U - 4 scrolls of fear
 W - 2 scrolls of fog
Potions
 d - 11 potions of curing
 i - 5 potions of cancellation
 j - 5 potions of heal wounds
 l - 6 potions of haste
 s - 2 potions of brilliance
 t - 2 potions of lignification
 u - 2 potions of invisibility
 w - 5 potions of agility
 z - 2 potions of flight
 A - 2 potions of ambrosia
 C - 5 potions of magic
 G - 4 potions of berserk rage
 I - 3 potions of resistance
 X - a potion of mutation
Books
 r - a book of the Tempests

   Spells                             Type                      Level
   a - Static Discharge               Conjuration/Air              3
   b - Lightning Bolt                 Conjuration/Air              5
   c - Ignition                       Fire                         8
   d - Tornado                        Air                          9
   e - Shatter                        Earth                        9
Comestibles
 f - 38 rations


   Skills:
 + Level 14.8(19.8) Fighting
 * Level 19.4(24.4) Maces & Flails
 + Level 14.8(19.8) Armour
 + Level 10.9(15.9) Dodging
   Level 3.6(8.6) Shields
 + Level 12.2 Invocations
 + Level 9.4 Evocations


You had 15 spell levels left.
You didn't know any spells.

Dungeon Overview and Level Annotations

Branches:
Dungeon (15/15)            Temple (0/1) D:7            Lair (6/6) D:10
 Shoals (0/4) Lair:4        Snake (0/4) Lair:3        Slime (0/5) Lair:5
    Orc (2/2) D:10            Elf (0/3) Orc:2        Vaults (0/5) D:14
 Depths (1/5) D:15

Altars:
Ashenzari
Cheibriados
Dithmenos
Fedhas
Gozag
Hepliaklqana
Kikubaaqudgha
Nemelex Xobeh
Okawaru
Trog
Uskayaw
Vehumet
Xom
Zin
The Shining One
Beogh

Shops:
D:4 !   D:5 }*%}   D:7 ?:(   D:8 %   D:10 !   D:15 =   Orc:2 :[?(:

Annotations:
D:4 kae's ghost, amateur OpTm
D:11 2 transporters
D:13 exclusions: oklob plant and oklob sapling
Lair:5 exclusion: oklob plant


Innate Abilities, Weirdness & Mutations

You reflexively headbutt those who attack you in melee.
You have a pair of horns on your head.


Message History

The deep troll claws you but does no damage. x2
The rakshasa hits you with a trident.
* * * LOW HITPOINT WARNING * * *
The deep troll misses you. x2
The deep troll claws you but does no damage.
The rakshasa closely misses you. The deep troll bites you!
* * * LOW HITPOINT WARNING * * *
The deep troll claws you but does no damage. x2
You closely miss the rakshasa.
The rakshasa is almost dead.
The deep troll earth mage closely misses you.
The deep troll earth mage misses you. x2; The rakshasa barely misses you.
As you read the scroll of teleportation, it crumbles to dust.
You feel strangely unstable. The deep troll barely misses you.
The deep troll claws you!
* * * LOW HITPOINT WARNING * * *
The deep troll completely misses you. The deep troll bites you!
* * * LOW HITPOINT WARNING * * *
The deep troll claws you!
You die...

###'###
#........########.# #
###.#
#........+........# #
....#
#........########.# #
....# #........# #.###
.##.#
#........########...'
.##.#
#........##.......###
....#
######'####+#########
.#..#
#..TT..............
..#.#
#.R@TY........ยง....
....#
#.RRT..............
....#
.....T..##...T.......
....#
####.#.#.##...........
......
...##.##...........
..#### ##.#
#.##........... ### ..
..##........... ##
####...........
#...........


You could see 3 rakshasas, 3 deep trolls, 2 deep troll earth magi and an ice
beast.

Vanquished Creatures
  Saint Roka (Orc:2)
  Rupert (Lair:4)
  Frances (D:12)
  Gastronok (Lair:3)
  The ghost of wilfster70 the Severer, a journeyman HOFi of Beogh (D:14)
  The ghost of kae the Bludgeoner, a journeyman MiFi of Makhleb (Orc:2)
  A frost giant (Orc:1)
  A stone giant (Depths:1)
  Nessos (Lair:6)
  3 ettins (Depths:1)
  A yaktaur captain (Depths:1)
  2 fire dragons
  A vault guard (D:14)
  Erolcha (D:12)
  4 ogre magi
  7 hydras
  4 ice dragons
  2 rakshasas (Depths:1)
  2 catoblepae
  3 centaur warriors
  9 two-headed ogres
  A death knight (D:15)
  A vampire mage (Depths:1)
  2 deep troll earth magi (Depths:1)
  A queen ant (Lair:2)
  An orc high priest (Orc:2)
  Sonja (Lair:3)
  2 unseen horrors
  A deep troll (Depths:1)
  2 phantasmal warriors (D:15)
  A wolf spider zombie (D:15)
  6 lindwurms
  2 orc knights
  12 ugly things
  An oklob plant (Lair:6)
  3 manticores
  A wolf spider (Lair:6)
  10 orc sorcerers
  9 elephants
  16 cyclopes
  A guardian serpent (Lair:6)
  5 torpor snails (Lair:6)
  7 black mambas
  2 ice statues (IceCv)
  2 gargoyles
  14 spiny frogs
  4 komodo dragons
  9 yaktaurs (Depths:1)
  4 kobold demonologists
  3 rime drakes
  2 freezing wraiths
  2 ice devils (D:13)
  An efreet (D:14)
  8 trolls
  A meliai (D:14)
  2 tengu conjurers (Depths:1)
  A harpy zombie (D:15)
  12 hornets
  3 tyrant leeches (Lair:6)
  7 hippogriffs
  16 slime creatures
  A blink frog (shapeshifter) (Depths:1)
  9 blink frogs
  A centaur simulacrum (D:15)
  3 redbacks (Lair:6)
  2 shadows
  3 vampires
  A spriggan (D:12)
  3 water elementals (Depths:1)
  A wraith (D:14)
  9 wyverns
  2 basilisks
  70 yaks
  A human (shapeshifter) (D:15)
  A human (D:12)
  4 hungry ghosts
  4 vampire mosquitoes (D:15)
  2 nagas (Lair:3)
  16 soldier ants (Lair:2)
  8 wargs
  22 water moccasins
  Duvessa (D:6)
  7 porcupines
  2 hell hounds (D:10)
  46 orc warriors
  18 ice beasts
  A black bear (D:10)
  17 wolves
  A necrophage (D:9)
  2 phantoms
  An eye of draining (D:11)
  4 sky beasts
  25 ogres
  4 boggarts (D:14)
  17 centaurs
  15 crocodiles
  5 big kobolds
  An elf zombie (Ossuary)
  26 bullfrogs
  2 wyvern zombies
  Dowan (D:6)
  7 scorpions
  17 wights
  A howler monkey (D:9)
  An electric eel (Lair:4)
  2 bullfrog zombies
  5 centaur zombies
  12 crimson imps
  2 quasits
  3 jellies
  7 hounds
  2 centaur skeletons
  30 orc priests
  46 orc wizards
  4 iguanas
  Jessica (D:3)
  4 hell rats (Lair:6)
  30 worker ants
  A big kobold zombie (Ossuary)
  2 hound zombies
  A hound skeleton (D:10)
  3 mummies (Ossuary)
  Robin (D:3)
  17 adders
  5 gnolls
  6 shadow imps
  4 oozes
  2 adder zombies
  An adder skeleton (D:8)
  2 worms
  A dart slug (D:2)
  5 leopard geckos
  119 orcs
  4 bats
  4 giant cockroaches
  3 gnoll zombies (Ossuary)
  18 goblins
  6 hobgoblins
  6 jackals
  4 quokkas
  9 ball pythons
  5 frilled lizards
  A goblin skeleton (D:4)
  9 goblin zombies
  6 hobgoblin zombies
  2 jackal zombies (Ossuary)
  36 kobolds
  2 kobold skeletons (D:4)
  6 kobold zombies
  A leopard gecko skeleton (D:5)
  A quokka skeleton (D:5)
  7 quokka zombies (Ossuary)
  7 rats
  2 rat zombies (Ossuary)
  3 plants
1072 creatures vanquished.

Vanquished Creatures (others)
  An orc (D:6)
  20 fungi
  55 plants
76 creatures vanquished.

Grand Total: 1148 creatures vanquished

Notes
Turn   | Place    | Note
-------+----------+-------------------------------------------
     0 | D:1      | kae the Minotaur Fighter began the quest for the Orb.
     0 | D:1      | Reached XP level 1. HP: 19/19 MP: 0/0
   216 | D:1      | Reached XP level 2. HP: 27/27 MP: 1/1
   247 | D:1      | Reached skill level 3 in Maces & Flails
   669 | D:2      | Reached XP level 3. HP: 25/33 MP: 2/2
   809 | D:2      | Found a shimmering altar of Xom.
   835 | D:2      | Found an iron altar of Okawaru.
   872 | D:2      | Became a worshipper of Warmaster Okawaru
  1185 | D:2      | Found a glowing silver altar of Zin.
  1196 | D:2      | Reached skill level 4 in Maces & Flails
  1769 | D:3      | Noticed Robin
  1775 | D:3      | Reached XP level 4. HP: 35/40 MP: 3/3
  1786 | D:3      | Killed Robin
  1945 | D:3      | Reached skill level 1 in Invocations
  2130 | D:3      | Noticed Jessica
  2134 | D:3      | Killed Jessica
  2134 | D:3      | Reached XP level 5. HP: 47/47 MP: 4/4
  2458 | D:4      | Found a glowing golden altar of the Shining One.
  2474 | D:4      | Found an opulent altar of Gozag.
  2475 | D:4      | Found a hide-covered altar of Uskayaw.
  2475 | D:4      | Found a blossoming altar of Fedhas.
  2477 | D:4      | Found a sparkling altar of Nemelex Xobeh.
  2481 | D:4      | Found a bloodstained altar of Trog.
  2533 | D:4      | Found a sand-covered staircase.
  2588 | D:4      | Found Laodenen's Distillery.
  2591 | D:4      | Bought a potion of curing for 39 gold pieces
  2591 | D:4      | Bought a potion of heal wounds for 65 gold pieces
  2591 | D:4      | Bought a potion of degeneration for 13 gold pieces
  2615 | Ossuary  | Entered an ossuary
  2651 | Ossuary  | Reached skill level 5 in Maces & Flails
  2662 | Ossuary  | Reached skill level 5 in Armour
  2662 | Ossuary  | Reached XP level 6. HP: 55/55 MP: 6/6
  2663 | Ossuary  | Reached * piety under Okawaru
  2671 | Ossuary  | Reached skill level 5 in Fighting
  3026 | D:4      | Reached skill level 6 in Maces & Flails
  3061 | D:4      | Found a glowing golden altar of the Shining One.
  3098 | D:4      | Reached XP level 7. HP: 53/61 MP: 7/7
  3105 | D:4      | Noticed kae's ghost (amateur OpTm)
  3111 | D:5      | Entered Level 5 of the Dungeon
  3247 | D:5      | Found Heocs's Gadget Emporium.
  3281 | D:5      | Found Rodiwawo's Food Boutique.
  3293 | D:5      | Found Jaxzik's Assorted Antiques.
  3303 | D:5      | Reached ** piety under Okawaru
  3309 | D:5      | Reached skill level 7 in Maces & Flails
  3312 | D:5      | Bought a scroll labeled POTAGI DUAL for 27 gold pieces
  3628 | D:5      | Found Ciepliol's Gadget Shop.
  3681 | D:5      | Found a shattered altar of Ashenzari.
  3681 | D:5      | Found a hazy altar of Hepliaklqana.
  3694 | D:5      | Reached XP level 8. HP: 62/70 MP: 9/9
  4042 | D:6      | Reached skill level 8 in Maces & Flails
  4187 | D:6      | Reached *** piety under Okawaru
  4428 | D:6      | Noticed Duvessa
  4428 | D:6      | Noticed Dowan
  4439 | D:6      | Killed Duvessa
  4439 | D:6      | Reached skill level 9 in Maces & Flails
  4449 | D:6      | Killed Dowan
  4615 | D:6      | Reached XP level 9. HP: 79/79 MP: 11/11
  4720 | D:6      | Found a sparkling altar of Nemelex Xobeh.
  4765 | D:7      | Found a staircase to the Ecumenical Temple.
  4883 | D:7      | Found a shadowy altar of Dithmenos.
  4886 | D:7      | Found Ywos's Magic Scroll Shop.
  4891 | D:7      | Bought a scroll of identify for 30 gold pieces
  4906 | D:7      | Found Itzar's Book Emporium.
  4967 | D:7      | Reached skill level 5 in Invocations
  5044 | D:7      | Reached **** piety under Okawaru
  5044 | D:7      | Reached skill level 10 in Maces & Flails
  5314 | D:7      | Found Ejeshroh's Weapon Emporium.
  5898 | D:8      | Found Beaddentar's Food Shop.
  5909 | D:8      | Noticed a two-headed ogre
  5918 | D:8      | Reached skill level 11 in Maces & Flails
  5922 | D:8      | Killed a two-headed ogre
  5922 | D:8      | Reached XP level 10. HP: 44/90 MP: 13/13
  5938 | D:8      | Found a flagged portal.
  5947 | Bailey   | Entered a bailey
  6129 | Bailey   | Reached ***** piety under Okawaru
  6818 | D:9      | Received a gift from Okawaru
  7038 | D:9      | Reached skill level 12 in Maces & Flails
  7623 | D:10     | Entered Level 10 of the Dungeon
  7911 | D:10     | Reached XP level 11. HP: 87/99 MP: 15/15
  8128 | D:10     | Reached skill level 1 in Dodging
  8130 | D:10     | Found Goh Usm's Distillery.
  8146 | D:10     | Bought a potion of lignification for 39 gold pieces
  8179 | D:10     | Found a staircase to the Lair.
  8225 | D:10     | Reached skill level 1 in Evocations
  8229 | D:10     | Found an iron altar of Okawaru.
  8234 | D:10     | Received a gift from Okawaru
  8462 | D:10     | Reached skill level 10 in Fighting
  8480 | D:10     | Reached skill level 10 in Armour
  8751 | D:10     | Found a staircase to the Orcish Mines.
  8816 | Lair:1   | Entered Level 1 of the Lair of Beasts
  8907 | Lair:1   | Reached skill level 13 in Maces & Flails
  9947 | Lair:1   | Noticed a seven-headed hydra
  9954 | Lair:1   | Killed a seven-headed hydra
 10562 | Lair:2   | Reached ****** piety under Okawaru
 10688 | Lair:2   | Noticed a queen ant
 10716 | Lair:2   | Killed a queen ant
 11046 | Lair:2   | Reached XP level 12. HP: 108/108 MP: 17/17
 11137 | Lair:2   | Reached skill level 14 in Maces & Flails
 11217 | Lair:2   | Received a gift from Okawaru
 12445 | Lair:3   | Reached skill level 5 in Dodging
 12793 | Lair:3   | Noticed Gastronok
 12809 | Lair:3   | Killed Gastronok
 12843 | Lair:3   | Found a staircase to the Snake Pit.
 13045 | Lair:3   | Noticed Sonja
 13401 | Lair:3   | Killed Sonja
 13737 | Lair:3   | Found the +8 lance "Wyrmbane" {slay drac, rPois rF+ rC+ AC+3}
 14263 | Lair:3   | Reached skill level 15 in Maces & Flails
 14439 | Lair:3   | Identified the Volume of the Birds
 14455 | Lair:4   | Found a snail-covered altar of Cheibriados.
 14465 | Lair:4   | Noticed a four-headed hydra
 14476 | Lair:4   | Killed a four-headed hydra
 14787 | Lair:3   | Received a gift from Okawaru
 14792 | Lair:3   | Reached XP level 13. HP: 85/117 MP: 18/18
 14907 | Lair:3   | Identified a +1 pair of boots of running (Okawaru gifted it to you on level 3 of the Lair of Beasts)
 14918 | Lair:4   | Reached skill level 5 in Evocations
 14949 | Lair:4   | Noticed Rupert
 14985 | Lair:4   | Killed Rupert
 15817 | Lair:4   | Found a staircase to the Shoals.
 16504 | Lair:5   | Found a staircase to the Slime Pits.
 18121 | Lair:6   | Entered Level 6 of the Lair of Beasts
 18362 | Lair:6   | Received a gift from Okawaru
 18365 | Lair:6   | Got a smoking dire flail {god gift}
 18371 | Lair:6   | Identified the +4 dire flail of Propriety {crush, rPois rN+ Int+3 Dex+2} (Okawaru gifted it to you on level 6 of the Lair of Beasts)
 18454 | Lair:6   | Reached skill level 16 in Maces & Flails
 18535 | Lair:6   | Found a runed door.
 18565 | Lair:6   | Paralysed by a hornet for 3 turns
 18590 | Lair:6   | Reached skill level 10 in Invocations
 19047 | Lair:6   | Received a gift from Okawaru
 19050 | Lair:6   | Got a topaz-encrusted crystal plate armour {god gift}
 19071 | Lair:6   | Identified the +6 crystal plate armour "Tiheza" {rCorr Str+3} (Okawaru gifted it to you on level 6 of the Lair of Beasts)
 19108 | Lair:6   | Reached XP level 14. HP: 127/127 MP: 17/20
 19400 | Lair:6   | Noticed Nessos
 19415 | Lair:6   | Killed Nessos
 20829 | D:11     | Reached skill level 17 in Maces & Flails
 20868 | D:11     | Found a transporter.
 20913 | D:11     | Found a transporter.
 21219 | D:11     | Found a roughly hewn altar of Beogh.
 21267 | D:11     | Received a gift from Okawaru
 22011 | D:12     | Noticed Erolcha
 22024 | D:12     | Paralysed by Erolcha for 5 turns
 22030 | D:12     | Killed Erolcha
 22196 | D:12     | Noticed Frances
 22205 | D:12     | Killed Frances
 22234 | D:12     | Found a flickering gateway to a bazaar.
 22248 | Bazaar   | Entered a bazaar
 22252 | Bazaar   | Found Hobovofu's Jewellery Boutique.
 22270 | Bazaar   | Found Uckynnut's Jewellery Emporium.
 22287 | Bazaar   | Found Powkoof's Armour Boutique.
 22304 | Bazaar   | Found Hirghom's Antique Weapon Shoppe.
 22341 | Bazaar   | Bought the ring of Zeleul {rElec rPois Int+2 Dex+6 Stlth+} for 1255 gold pieces
 22742 | Orc:1    | Entered Level 1 of the Orcish Mines
 22792 | Orc:1    | Received a gift from Okawaru
 22796 | Orc:1    | Got a translucent plate armour {god gift}
 22797 | Orc:1    | Identified the +0 plate armour of Okawaru's Castigation {rPois rN+++ Int+4 Dex-3} (Okawaru gifted it to you on level 1 of the Orcish Mines)
 23166 | Orc:1    | Reached XP level 15. HP: 136/136 MP: 22/22
 23679 | Orc:1    | Noticed a frost giant
 23699 | Orc:1    | Killed a frost giant
 24127 | Orc:1    | Found a bloodstained altar of Trog.
 24292 | D:11     | Got a shimmering dire flail {god gift}
 24293 | D:11     | Identified the +2 dire flail "Gifoen" {crush, rF+ Str+4} (Okawaru gifted it to you on level 11 of the Dungeon)
 24458 | Orc:2    | Entered Level 2 of the Orcish Mines
 24487 | Orc:2    | Noticed kae's ghost (journeyman MiFi)
 24488 | Orc:2    | Found Qierhoiph's Book Shoppe.
 24509 | Orc:2    | Killed kae's ghost
 25046 | Orc:2    | Noticed Saint Roka
 25082 | Orc:2    | Killed Saint Roka
 25082 | Orc:2    | Reached skill level 18 in Maces & Flails
 25446 | Orc:2    | Found a staircase to the Elven Halls.
 25648 | Orc:2    | Found a radiant altar of Vehumet.
 25658 | Orc:2    | Found Simpuj's Antique Weapon Emporium.
 25685 | Orc:2    | Found an ancient bone altar of Kikubaaqudgha.
 25742 | Orc:2    | Received a gift from Okawaru
 25759 | Orc:2    | Found a roughly hewn altar of Beogh.
 25759 | Orc:2    | Found Wucka's Magic Scroll Emporium.
 25778 | Orc:2    | Found Xaces's Book Shoppe.
 25981 | Orc:2    | Found Huymim's Antique Armour Shoppe.
 26675 | D:13     | Found a frozen archway.
 26690 | IceCv    | Entered an ice cave
 27280 | D:13     | Reached skill level 10 in Dodging
 27605 | D:14     | Noticed wilfster70's ghost (journeyman HOFi)
 27622 | D:14     | Killed wilfster70's ghost
 27622 | D:14     | Received a gift from Okawaru
 28342 | D:14     | Reached XP level 16. HP: 130/146 MP: 23/23
 28407 | D:14     | Found a gate to the Vaults.
 28794 | D:15     | Entered Level 15 of the Dungeon
 28885 | D:15     | Received a gift from Okawaru
 29290 | D:15     | Found Nybos's Jewellery Emporium.
 29296 | D:15     | Bought a cursed amulet of inaccuracy for 22 gold pieces
 29332 | D:15     | Found a staircase to the Depths.
 29591 | D:15     | Reached skill level 19 in Maces & Flails
 30011 | Depths:1 | Entered Level 1 of the Depths
 30016 | Depths:1 | Received a gift from Okawaru
 30596 | Depths:1 | Received a gift from Okawaru
 31286 | Depths:1 | HP: 3/147 [deep troll (14)]
 31286 | Depths:1 | Slain by a deep troll

Skill      XL: |  1  2  3  4  5  6  7  8  9 10 11 12 13 14 15 16 |
---------------+-------------------------------------------------+-----
Maces & Flails | 3 4 5 6 7 9 11 12 13 15 16 17 18 19 | 19.4
Fighting       | 4 5 6 7 8 9 10 11 12 13 14 | 14.8
Armour         | 4 5 6 7 8 9 10 11 12 13 14 | 14.8
Invocations    | 1 2 3 4 6 7 8 9 10 11 12 | 12.2
Dodging        | 4 5 7 9 10 | 10.9
Evocations     | 3 4 6 7 8 9 |  9.4
Shields        | |  3.6

Action                   |  1- 3 |  4- 6 |  7- 9 | 10-12 | 13-15 | 16-18 || total
-------------------------+-------+-------+-------+-------+-------+-------++-------
Melee: Flail             |    97 |   178 |   331 |   940 |   315 |       ||  1861
       Headbutt          |     9 |    33 |    66 |   199 |   381 |   132 ||   820
       Dire flail        |       |       |       |       |  1093 |   374 ||  1467
Invok: Heroism           |       |       |     6 |    20 |    18 |     5 ||    49
       Finesse           |       |       |       |     1 |     1 |       ||     2
Evoke: Wand              |       |       |     4 |     4 |    24 |       ||    32
  Use: Scroll            |     6 |     6 |     8 |     9 |    10 |     1 ||    40
       Potion            |     1 |       |     3 |     5 |     4 |       ||    13
 Stab: Invisible         |       |       |     4 |     1 |       |       ||     5
       Confused          |       |       |       |       |       |     4 ||     4
  Eat: Chunk             |     1 |     4 |     8 |    27 |    42 |     7 ||    89
       Ration            |       |     1 |       |     1 |       |     1 ||     3
Armor: Scale mail        |    33 |    62 |   134 |    39 |       |       ||   268
       Chain mail        |       |       |       |   347 |   167 |       ||   514
       Crystal plate arm |       |       |       |       |   571 |   269 ||   840
       Skin              |       |       |       |       |     3 |       ||     3
Dodge: Dodged            |    25 |    54 |    88 |   242 |   631 |   189 ||  1229
Block: Shield            |    47 |    65 |   147 |   417 |   147 |       ||   823
